 Dungeon Crawl Stone Soup version 0.28-a0-683-ga8797d1ae1 (webtiles) character file.

Game seed: 15578437709780359391

595 pokeman the Magician (level 7, -3/38 HPs)
             Began as a Deep Elf Hedge Wizard on Oct 18, 2021.
             Slain by a gnoll (13 damage)
             ... on level 3 of the Dungeon.
             The game lasted 00:12:02 (5292 turns).

pokeman the Magician (Deep Elf Hedge Wizard)        Turns: 5292, Time: 00:12:02

Health: -3/38      AC:  3    Str:  7    XL:     7   Next: 17%
Magic:  3/20       EV: 16    Int: 21    God:
Gold:   136        SH:  0    Dex: 14    Spells: 10/21 levels left

rFire   . . .      SeeInvis +   q - +2 whip (venom)
rCold   . . .      Faith    .   (no shield)
rNeg    . . .      Spirit   .   o - +0 leather armour
rPois   .          Reflect  .   c - +0 hat
rElec   .          Harm     .   (no cloak)
rCorr   .          Rampage  .   (no gloves)
Will    .....                   (no boots)
Stlth   ++........              (no amulet)
HPRegen 0.12/turn               k - +4 ring of evasion
MPRegen 0.17/turn               b - ring of see invisible

@: very slightly contaminated
A: no striking features
a: no special abilities


You were on level 3 of the Dungeon.
You visited 1 branch of the dungeon, and saw 3 of its levels.

You collected 136 gold pieces.

Inventory:

Hand Weapons
 q - a +2 whip of venom (weapon)
Missiles
 e - 28 arrows
 g - 24 bolts
 n - 3 throwing nets
Armour
 c - a +0 hat (worn)
 o - a +0 leather armour (worn)
Magical Staves
 h - a staff of air
Jewellery
 b - a ring of see invisible (right hand)
 k - a +4 ring of evasion (left hand)
Wands
 l - a wand of acid (14)
Scrolls
 a - 5 scrolls of identify {unknown}
 d - a scroll of fog {unknown}
 f - 3 scrolls of enchant armour {unknown}
 j - a scroll of teleportation {unknown}
 p - a scroll of brand weapon {unknown}
Potions
 i - a potion of heal wounds {unknown}
 m - a potion of berserk rage {unknown}
 r - a potion of cancellation {unknown}


   Skills:
 + Level 1.5 Fighting
 - Level 1.0 Armour
 - Level 3.0 Dodging
 - Level 3.0 Stealth
 * Level 7.8 Spellcasting
 + Level 3.7 Conjurations
 - Level 1.1 Summonings
 - Level 1.1 Translocations
 + Level 1.9 Fire Magic
 - Level 1.3 Air Magic
 - Level 1.0 Poison Magic
 - Level 1.0 Evocations


You had 10 spell levels left.
You knew the following spells:

 Your Spells              Type           Power      Damage    Failure   Level
a - Magic Dart            Conj           96%        1d7       2%          1
b - Mephitic Cloud        Conj/Pois/Air  16%        N/A       16%         3
c - Call Imp              Summ           12%        N/A       12%         2
d - Blink                 Tloc           N/A        N/A       12%         2
e - Conjure Flame         Conj/Fire      20%        6-21      11%         3

Your spell library contained the following spells:

 Spells                   Type           Power      Damage    Failure   Level
 Slow                     Hex            8%         N/A       19%         2
 Ozocubu's Armour         Ice            8%         N/A       34%         3
 Metabolic Englaciation   Hex/Ice        4%         N/A       97%         5
 Simulacrum               Ice/Necr       4%         N/A       100%        6


Dungeon Overview and Level Annotations

Branches:
Dungeon (3/15)

Altars:
Ru


Message History

The gnoll hits you with a +0 flail!
Casting: Magic Dart (safe; 2% risk of failure)
Confirm with . or Enter, or press ? or * to list all spells.
Aiming: Magic Dart (safe; 2% risk of failure)
Press: ? - help, Shift-Dir - straight line, f/p - gnoll
Aim: a gnoll, wielding a +0 flail and wearing a +0 scale mail (lightly wounded, 100% to hit)
The magic dart hits the gnoll but does no damage.
The gnoll is lightly wounded.
The gnoll barely misses you.
Casting: Magic Dart (safe; 2% risk of failure)
Confirm with . or Enter, or press ? or * to list all spells.
You blink.
Casting: Blink (safe; 12% risk of failure)
Confirm with . or Enter, or press ? or * to list all spells.
You blink.
The orc hits you with a +1 vorpal mace. The gnoll hits you with a +0 flail.
Casting: Blink (safe; 12% risk of failure)
Confirm with . or Enter, or press ? or * to list all spells.
You blink.
The gnoll hits you with a +0 flail! The orc completely misses you.
Casting: Blink (safe; 12% risk of failure)
Confirm with . or Enter, or press ? or * to list all spells.
You blink.
Casting: Blink (safe; 12% risk of failure)
Confirm with . or Enter, or press ? or * to list all spells.
The spell is quite dangerous to cast (16% risk of failure)!
Continue anyway?
Aiming: Mephitic Cloud (quite dangerous; 16% risk of failure)
Press: ? - help, Shift-Dir - straight line, f - orc, p - gnoll
Aim: an orc, wielding a +1 vorpal mace and wearing a +0 leather armour (chance to affect: 96%) That beam is likely to hit you.
Continue anyway?
You miscast Mephitic Cloud.
You are very lightly contaminated with residual magic.
Nothing appears to happen.
The gnoll hits you with a +0 flail.
* * * LOW HITPOINT WARNING * * *
The orc hits you but does no damage.
There is an open door here.
Casting: Mephitic Cloud (quite dangerous; 16% risk of failure)
Confirm with . or Enter, or press ? or * to list all spells.
A beastly little devil appears in a puff of flame.
The gnoll hits you with a +0 flail!
You die...

....≈≈≈.#.'...).......'....'.....
....≈≈≈.#.#...........#....#.....
....≈≈≈.#.#######################
.P..≈≈≈.#.. #.'..............'
....≈≈≈.# .. #)#..............#
....≈≈≈.# ### #.#..............#
....≈≈≈.# #... #.#..............#
....≈≈≈.#g#....###o############'#
....≈≈###'#....5@g......##......)
....≈≈#...#######################
....≈≈#oo.#......................
....≈≈#####≈≈≈≈≈≈≈≈≈≈≈≈≈≈≈≈≈≈≈≈≈≈
....≈≈≈≈≈≈≈≈≈≈≈≈≈≈≈≈≈≈≈≈≈≈≈≈≈≈≈≈≈
....≈≈≈≈≈≈≈≈≈≈≈≈≈≈≈≈≈≈≈≈≈≈≈≈≈≈≈≈≈
.................................
......P..........................
#################################


You could see a gnoll (ally target), an orc and a friendly crimson imp
(summoned).

Vanquished Creatures
  A kobold brigand (D:3)
  A howler monkey (D:3)
  3 hounds (D:3)
  An orc wizard (D:3)
  18 gnolls (D:3)
  8 adders
  A dart slug (D:2)
  21 orcs (D:3)
  8 endoplasms
  8 giant cockroaches
  6 hobgoblins
  8 jackals (D:3)
  4 kobolds
  5 quokkas
  5 ball pythons
  2 bats
  A frilled lizard (D:2)
  2 goblins
  5 rats
108 creatures vanquished.

Vanquished Creatures (collateral kills)
  An orc (D:3)
  2 jackals (D:3)
3 creatures vanquished.

Vanquished Creatures (others)
  A fungus (D:1)
  3 plants
4 creatures vanquished.

Grand Total: 115 creatures vanquished

Notes
Turn   | Place    | Note
-------+----------+-------------------------------------------
     0 | D:1      | pokeman the Deep Elf Hedge Wizard began the quest for the
                  | Orb.
     0 | D:1      | Reached XP level 1. HP: 10/10 MP: 7/7
   266 | D:1      | Reached XP level 2. HP: 15/15 MP: 5/9
  1070 | D:1      | Found a faded altar of an unknown god.
  1234 | D:1      | Reached skill level 5 in Spellcasting
  1476 | D:2      | Reached XP level 3. HP: 19/20 MP: 3/11
  1480 | D:2      | Learned a level 3 spell: Mephitic Cloud
  1483 | D:2      | Learned a level 2 spell: Call Imp
  1486 | D:2      | Learned a level 2 spell: Blink
  1490 | D:2      | Learned a level 3 spell: Conjure Flame
  1656 | D:2      | Found a sacrificial altar of Ru.
  1908 | D:2      | Reached skill level 1 in Fighting
  2003 | D:2      | Reached skill level 1 in Armour
  2067 | D:2      | Reached XP level 4. HP: 25/25 MP: 7/13
  2771 | D:3      | Reached skill level 1 in Fire Magic
  2861 | D:3      | Reached skill level 6 in Spellcasting
  3160 | D:3      | Reached XP level 5. HP: 20/29 MP: 5/15
  3822 | D:3      | Reached skill level 1 in Air Magic
  4046 | D:3      | Reached XP level 6. HP: 27/34 MP: 4/17
  4282 | D:3      | Reached skill level 7 in Spellcasting
  4339 | D:3      | Reached skill level 1 in Poison Magic
  4365 | D:3      | Reached skill level 1 in Evocations
  4807 | D:3      | Reached XP level 7. HP: 38/38 MP: 10/20
  5292 | D:3      | Slain by a gnoll

Illustrated notes

Levels and vault maps discovered:
D:1:      tarquinn_simple_flora_water_d, layout_loops_ring,
          shapermc_ecumenical_altar_ellora, minmay_octomino_e4
D:2:      layout_loops_ring, basic_altar, grunt_ministairs_3, kennysheep_doodads
D:3:      lemuel_castle_with_subvaults [lemuel_castle_interior_carwin_1],
          layout_basic

Skill      XL: |  1  2  3  4  5  6 |
---------------+-------------------+-----
Spellcasting   | 5 6 7 |  7.8
Fighting       | 1 |  1.5
Armour         | 1 |  1.0
Conjurations   | 2 3 |  3.7
Fire Magic     | 1 |  1.9
Dodging        | 3 |  3.0
Air Magic      | 1 |  1.3
Stealth        | 3 |  3.0
Poison Magic   | 1 |  1.0
Evocations     | 1 |  1.0
Summonings     | |  1.1
Translocations | |  1.1

Action                   |  1- 3 |  4- 6 |  7- 9 || total
-------------------------+-------+-------+-------++-------
Melee: Dagger            |    10 |       |       ||    10
       Staff             |       |    10 |       ||    10
       Whip              |       |     3 |    16 ||    19
 Cast: Magic Dart        |    93 |   207 |    26 ||   326
       Mephitic Cloud    |       |     7 |     5 ||    12
       Call Imp          |       |     1 |     1 ||     2
       Blink             |       |       |     4 ||     4
 Stab: Confused          |       |     3 |     2 ||     5
       Sleeping          |       |     1 |       ||     1
Armor: Robe              |     9 |     5 |       ||    14
       Leather armour    |       |     3 |     2 ||     5
Dodge: Dodged            |    34 |    47 |    12 ||    93

Table legend: (Time is in decaauts)
 A = Elapsed time spent in this place.
 B = Non-inter-level travel time spent in this place.
 C = Inter-level travel time spent in this place.
 D = Time resting spent in this place.
 E = Time spent auto-exploring this place.
 F = Levels seen in this place.
 G = Mean time per level.
                   A        B        C        D        E       F      G
               +--------+--------+--------+--------+--------+-----+--------+
         Total |   5316 |   5267 |     49 |    704 |   3771 |   3 | 1772.0 |
       Dungeon |   5316 |   5267 |     49 |    704 |   3771 |   3 | 1772.0 |
               +--------+--------+--------+--------+--------+-----+--------+

Top non-repeatable levels by time:
     D:3: 2471 daAuts
     D:2: 1468 daAuts
     D:1: 1377 daAuts
